 Dungeon Crawl Stone Soup version 0.18.1-5-g4a78601 (webtiles) character file.

100 epen the Ruffian (level 4, -8/34 HPs)
             Began as a Demonspawn Gladiator on May 14, 2016.
             Killed by nerve-wracking pain
             ... invoked by an orc priest
              (9 damage)
             ... on level 3 of the Dungeon.
             The game lasted 00:06:25 (2760 turns).

epen the Ruffian (Demonspawn Gladiator)             Turns: 2760, Time: 00:06:26

Health: -8/34      AC:  7    Str: 16    XL:     4   Next: 46%
Magic:  4/4        EV: 12    Int: 10    God:
Gold:   215        SH:  3    Dex: 13    Spells: 0 memorised, 3 levels left

rFire  . . .     SeeInvis .       - Unarmed
rCold  . . .     Gourm    .     o - +0 ring mail
rNeg   . . .     Faith    .     (no shield)
rPois  .         Spirit   .     b - +0 helmet
rElec  .         Dismiss  .     (no cloak)
rCorr  .         Reflect  +     (no gloves)
SustAt .         Harm     .     (no boots)
MR     .....                    p - +3 amulet of reflection
Stlth  ..........               (no ring)
                                q - ring of wizardry

@: not resistant to hostile enchantments, extremely unstealthy
A: hooves 1, icy blue scales 1, powered by death 1
a: no special abilities


You were on level 3 of the Dungeon.
You were not hungry.

You visited 1 branch of the dungeon, and saw 3 of its levels.

You collected 215 gold pieces.

Inventory:

Missiles
 c - 3 throwing nets (quivered)
Armour
 a - a +0 leather armour
 b - a +0 helmet (worn)
 o - a +0 ring mail (worn)
 w - a +0 scale mail
Jewellery
 p - a +3 amulet of reflection (around neck)
 q - a ring of wizardry (left hand)
 u - an uncursed amulet of the gourmand
Scrolls
 h - a scroll of fog {unknown}
 i - 4 scrolls of remove curse {unknown}
 m - 2 scrolls of identify {unknown}
Potions
 e - a potion of cure mutation {unknown}
 f - 2 potions of heal wounds
 j - a potion of haste
 k - a potion of curing {unknown}
 n - a potion of cancellation {unknown}
 r - a potion of lignification {unknown}
 s - a potion of ambrosia {unknown}
 v - a potion of degeneration {unknown}
Books
 t - a book of Callings

   Spells                             Type                      Level
   a - Summon Small Mammal            Summoning                    1
   b - Call Imp                       Summoning                    2
   c - Call Canine Familiar           Summoning                    3
   d - Summon Guardian Golem          Hexes/Summoning              3
   e - Summon Lightning Spire         Summoning/Air                4
   f - Summon Ice Beast               Ice/Summoning                4
Comestibles
 d - 4 bread rations
 g - 3 beef jerkies
 l - a royal jelly


   Skills:
 + Level 2.5 Fighting
 - Level 1.7 Throwing
 + Level 1.5 Armour
 * Level 3.4 Dodging
 * Level 3.5 Unarmed Combat


You had 3 spell levels left.
You didn't know any spells.

Dungeon Overview and Level Annotations

Branches:
Dungeon (3/15)

Altars:


Innate Abilities, Weirdness & Mutations

You have large cloven feet.
You are partially covered in icy blue scales (AC +1).
You regenerate a little health from kills.


Message History

A puff of frost appears from out of thin air!
The puff of frost hits you! The orc priest barely misses you.
You hit the orc priest but do no damage.
You kick the orc priest, but do no damage.
You hear some strange, mumbled words.
A puff of frost appears from out of thin air!
The puff of frost hits you!
* * * LOW HITPOINT WARNING * * *
You block the orc priest's attack.
You barely miss the orc priest.
You kick the orc priest, but do no damage.
The orc priest invokes the aid of Beogh against you.
Beogh smites you!
* * * LOW HITPOINT WARNING * * *
You hit the orc priest.
The orc priest is moderately wounded.
Something hits you but does no damage.
The orc priest calls down the wrath of Beogh upon you.
Pain shoots through your body!
You die...

###.# # #.# # ####.# #
..##.# # #.#### #.###
#.##### #... #.#... ####
#.#.# ##... #.@## #.#.#
#o#o##### #.#.# #.##.##.##
#.#.# #.##.#...## #....
#### #.#......(# #.... ..#
#[........# ##... #.#
###.......# ##)# #..
####.######.#...### #.#
#.o
#....ooo[<....[...######..


You could see an orc priest and an orc.

Vanquished Creatures
  4 adders
  A worm (D:2)
  3 orcs (D:3)
  A ball python (D:2)
  4 giant cockroaches
  4 goblins
  6 hobgoblins
  4 jackals (D:1)
  A quokka (D:2)
  10 bats
  5 giant newts
  9 kobolds
  6 rats
58 creatures vanquished.

Notes
Turn   | Place    | Note
--------------------------------------------------------------
     0 | D:1      | epen the Demonspawn Gladiator began the quest for the Orb.
     0 | D:1      | Reached XP level 1. HP: 16/16 MP: 1/1
   378 | D:1      | Gained mutation: You have large cloven feet. [demonic ancestry]
   378 | D:1      | Reached XP level 2. HP: 9/22 MP: 2/2
   662 | D:1      | Reached skill level 1 in Armour
  1086 | D:1      | Gained mutation: You regenerate a little health from kills. [demonic ancestry]
  1086 | D:1      | Reached XP level 3. HP: 16/27 MP: 3/3
  2175 | D:2      | Gained mutation: You are partially covered in icy blue scales (AC +1). [demonic ancestry]
  2175 | D:2      | Reached XP level 4. HP: 34/34 MP: 4/4
  2573 | D:3      | Noticed an orc warrior
  2759 | D:3      | HP: 1/34 [orc priest/divine providence (9)]
  2760 | D:3      | Killed from afar by an orc priest

Skill      XL: |  1  2 |
---------------+-------+-----
Armour         | 1 |  1.5
Dodging        | 3 |  3.4
Unarmed Combat | 3 |  3.5
Fighting       | |  2.5
Throwing       | |  1.7

Action                   |  1- 3 |  4- 6 || total
-------------------------+-------+-------++-------
Melee: Unarmed           |   241 |    68 ||   309
       Punch             |     4 |     1 ||     5
       Kick              |    49 |    13 ||    62
  Use: Potion            |     2 |       ||     2
  Eat: Chunk             |     4 |     2 ||     6
Armor: Leather armour    |    56 |       ||    56
       Ring mail         |    23 |    17 ||    40
Dodge: Dodged            |   205 |    31 ||   236
Block: Other             |     8 |     9 ||    17
       Reflection        |     1 |       ||     1
